 Dungeon Crawl Stone Soup version 0.29.0-4-gdea44cf6ec (webtiles) character file.

Game seed: 8770242108149802304

44 qw the Chopper (level 3, 0/21 HPs)
             Began as a Tengu Warper on Aug 28, 2022.
             Slain by an orc priest
             ... wielding a +0 trident
              (2 damage)
             ... on level 3 of the Dungeon.
             The game lasted 00:00:09 (2132 turns).

qw the Chopper (Tengu Warper)                       Turns: 2132, Time: 00:00:09

Health: 0/21       AC:  6    Str: 13    XL:     3   Next: 60%
Magic:  7/7        EV:  9    Int: 13    God:
Gold:   150        SH:  0    Dex: 13    Spells: 6/6 levels left

rFire   . . .      SeeInvis .   Y - +0 hand axe
rCold   . . .      Faith    .   (no shield)
rNeg    . . .      Spirit   .   l - +0 scale mail
rPois   .          Reflect  .   (helmet restricted)
rElec   .          Harm     .   (no cloak)
rCorr   .          Rampage  .   (no gloves)
Will    .....                   (boots unavailable)
Stlth   ..........              (no amulet)
HPRegen 0.07/turn               (no ring)
MPRegen 0.10/turn               (no ring)

@: no status effects
A: beak, talons 3
a: no special abilities


You were on level 3 of the Dungeon.
You visited 1 branch of the dungeon, and saw 3 of its levels.

You collected 150 gold pieces.


Innate Abilities, Weirdness & Mutations

You have a beak for a mouth.
You have claws for feet.


   Skills:
 - Level 2.0 Fighting
 + Level 4.2 Axes
 - Level 1.0 Throwing
 - Level 1.1 Armour
 - Level 2.1 Dodging
 - Level 2.0 Spellcasting
 - Level 2.4 Translocations


You had 6 spell levels left.
You didn't know any spells.
Your spell library contained the following spells:

 Spells                   Type           Power      Damage    Failure   Level
 Blink                    Tloc           14%        N/A       56%         2
 Gell's Gravitas          Tloc           7%         N/A       80%         3
 Lesser Beckoning         Tloc           7%         N/A       80%         3
 Teleport Other           Tloc           7%         N/A       80%         3
 Manifold Assault         Tloc           7%         N/A       100%        5

Inventory:

Hand Weapons
 g - a +0 flail
 Y - a +0 hand axe (weapon)
Armour
 l - a +0 scale mail (worn)
Jewellery
 a - an amulet of regeneration
 f - a ring of ice
Scrolls
 j - 2 scrolls of identify
Potions
 d - a potion of curing
 e - a potion of haste
 k - a potion of flight {unknown}
 m - a potion of brilliance {unknown}

Dungeon Overview and Level Annotations

Branches:
Dungeon (3/15)

Altars:


Message History

The orc priest shouts!
The orc priest invokes the aid of Beogh against you.
Beogh smites you!
Ouch! That really hurt!
Enter note:
2108 ||| FLEEEEING.
You start resting.
An orc priest is nearby!
The orc priest mumbles some strange prayers to Beogh against you.
Pain shoots through your body!
An orc wizard comes into view. It is wielding a +0 dagger.
The orc priest barely misses you. The orc priest closely misses you.
You hit the orc priest.
You peck the orc priest, but do no damage.
The orc priest is moderately wounded.
The orc priest barely misses you.
You hit the orc priest but do no damage.
You claw the orc priest, but do no damage.
The orc priest is moderately wounded.
The orc priest looks satisfied for a moment.
You barely miss the orc priest.
You peck the orc priest, but do no damage.
The orc priest is moderately wounded.
The orc priest hits you with a +0 trident. x2
You hit the orc priest but do no damage.
You claw the orc priest, but do no damage.
You peck the orc priest, but do no damage.
The orc priest is moderately wounded.
You barely miss the orc wizard.
The orc wizard casts a spell.
The orc wizard flickers and vanishes!
Deactivating autopickup; reactivate with Ctrl-A.
The orc priest barely misses you.
You closely miss the orc priest.
The orc priest is moderately wounded.
You closely miss something. Something hits you but does no damage.
The orc priest hits you with a +0 trident.
You die...

#.###.###.# ...
#.........# ...
#####%##### ###.###
##...## .....
##.....## ##.##
##.......#
##...####.........###
##.......'.........+..
#....@.###.........###
#.##o#{# ##.......##
#.##.#.# ##.....##
#.##.#.# ##...##
##.##.#.### #+##
#.........#
#.......#.# ####
#.###.### ..... #.
#... .####


You could see an orc priest.

Vanquished Creatures
  Natasha (D:3)
  A dart slug (D:2)
  An orc (D:3)
  2 endoplasms
  2 giant cockroaches
  2 kobolds
  2 ball pythons
  2 bats
  3 frilled lizards (D:1)
  3 rats
19 creatures vanquished.

Notes
Turn   | Place    | Note
-------+----------+-------------------------------------------
     0 | D:1      | qw the Tengu Warper began the quest for the Orb.
     0 | D:1      | Reached XP level 1. HP: 12/12 MP: 4/4
     0 | D:1      | 0 ||| qw: Version: 0.1-a-89-g26bdef1
     0 | D:1      | 0 ||| qw: Game counter: 861
     0 | D:1      | 0 ||| qw: Always use a shield: true
     0 | D:1      | 0 ||| qw: God list: Okawaru
     0 | D:1      | 0 ||| qw: Allow faded altars: false
     0 | D:1      | 0 ||| qw: Do Orc after D:15 true
     0 | D:1      | 0 ||| qw: Do second Lair branch before Depths: true
     0 | D:1      | 0 ||| qw: Lair rune preference: random
     0 | D:1      | 0 ||| qw: Plans: Normal
     0 | D:1      | 0 ||| PLANNING D:1-11
   882 | D:1      | 882 ||| DROPPING +0 club.
   883 | D:1      | 883 ||| DROPPING scroll of blinking.
   909 | D:2      | Reached skill level 3 in Axes
   909 | D:2      | Reached XP level 2. HP: 17/17 MP: 6/6
  1055 | D:2      | 1055 ||| Stepping ~*~*~tactically~*~*~ (hiding).
  1157 | D:2      | 1157 ||| Stepping ~*~*~tactically~*~*~ (hiding).
  1259 | D:2      | 1259 ||| Stepping ~*~*~tactically~*~*~ (hiding).
  1624 | D:2      | Found a faded altar of an unknown god.
  1670 | D:2      | 1670 ||| UPGRADING to +0 scale mail.
  1680 | D:2      | 1680 ||| DROPPING +0 leather armour.
  1681 | D:2      | 1681 ||| READING scroll labelled KUWUN RESMESO.
  1682 | D:2      | 1682 ||| READING scroll labelled HOJUNG TOIM.
  1683 | D:2      | 1683 ||| READING scroll labelled JISHRIP ZECW.
  1687 | D:2      | 1687 ||| READING 2 scrolls labelled VAGUDYARHU.
  1688 | D:2      | 1688 ||| DRINKING 2 orange potions.
  1689 | D:2      | 1689 ||| DRINKING 2 grey potions.
  1722 | D:3      | Noticed Natasha
  1733 | D:3      | Killed Natasha
  1734 | D:3      | Reached skill level 4 in Axes
  1734 | D:3      | Reached XP level 3. HP: 9/21 MP: 7/7
  2108 | D:3      | 2108 ||| FLEEEEING.
  2130 | D:3      | HP: 4/21 [orc priest/+0 trident (3)]
  2132 | D:3      | Slain by an orc priest

Levels and vault maps discovered:
D:1:      roderic_crop_circles_arrival_small, layout_basic
D:2:      layout_rooms, shapermc_ecumenical_altar_acropolis
D:3:      layout_loops_corners, okawaru_gym_becter, palyth_stone_intersect,
          hex_medium, chequers_arboretum, uniq_natasha

Skill      XL: |  1  2 |
---------------+-------+-----
Axes           | 3 4 |  4.2
Fighting       | |  2.0
Throwing       | |  1.0
Armour         | |  1.1
Dodging        | |  2.1
Spellcasting   | |  2.0
Translocations | |  2.4

Action                   || total
-------------------------++-------
Melee: Hand axe          ||    50
       Kick              ||    10
       Punch             ||     1
       Peck              ||     4
Throw: Boomerang         ||     7
  Use: Scroll            ||     4
       Potion            ||     2
Armor: Leather armour    ||     2
       Scale mail        ||     8
Dodge: Dodged            ||    27

Table legend:
 A = Non-vault XP
 B = Vault XP
 C = Vault XP percentage of total XP
 D = Non-vault monster count
 E = Vault monster count
 F = Vault count percentage of total count
                 A         B        C        D         E       F
            +---------+---------+-------+---------+---------+-------
      Total |      28 |      35 |  55.6 |      18 |       1 |   5.3
            +---------+---------+-------+---------+---------+-------
        D:1 |       8 |       0 |   0.0 |       6 |       0 |   0.0
        D:2 |      13 |       0 |   0.0 |       7 |       0 |   0.0
        D:3 |       7 |      35 |  83.3 |       5 |       1 |  16.7
            +---------+---------+-------+---------+---------+-------
